 Dungeon Crawl Stone Soup version 0.32-a0-520-g344ed53f66 (webtiles) character file.

Game seed: 9357661059993435311

2195 sleeves the Grappler (level 9, -4/64 (70) HPs)
             Began as a Naga Shapeshifter on Feb 28, 2024.
             Slain by a wight
             ... wielding a +0 heavy flail
              (11 damage)
             ... on level 7 of the Dungeon.
             The game lasted 00:18:10 (7694 turns).

sleeves the Grappler (Naga Shapeshifter)            Turns: 7694, Time: 00:18:11

HP:   -4/64 (70)    AC:  9    Str: 20    XL:     9   Next: 34%
MP:   9/9           EV:  9    Int: 11    God:
Gold: 363           SH:  3    Dex: 11    Spells: 8/8 levels left

rFire   . .          .
                       - Unarmed
rCold   . . .        f - +0 buckler
rNeg    . . .        m - +1 animal skin
rPois   +            k - +0 helmet
rElec   .            q - +0 cloak
rCorr   .            v - +1 pair of gloves
SInv    +            (no barding)
Will    +....        (no amulet)
Stlth   +++          (no ring)
HPRegen 0.30/turn    (no ring)
MPRegen 0.11/turn

%: no passive effects
@: about to teleport, drained, very slow
A: AC +3, large, see invisible, deformed body, poison resistance, slowness 2,
spit poison 1, naga tail 1
a: Spit Poison


You were on level 7 of the Dungeon.
You visited 2 branches of the dungeon, and saw 8 of its levels.
You also visited: Ossuary.

You collected 363 gold pieces.

Inventory:

Missiles
 j - 25 poisoned darts (quivered)
 o - 3 throwing nets
Armour
 f - a +0 buckler (worn)
   (You found it on level 7 of the Dungeon)
 i - a scarf of repulsion
   (You found it on level 1 of the Dungeon)
 k - a +0 helmet (worn)
   (You took it off Robin on level 2 of the Dungeon)
 m - a +1 animal skin (worn)
   (You took it off Robin on level 2 of the Dungeon)
 n - a +0 leather armour of cold resistance
   (You found it on level 2 of the Dungeon)
 p - a +0 kite shield
   (You found it on level 3 of the Dungeon)
 q - a +0 cloak (worn)
   (You found it on level 3 of the Dungeon)
 v - a +1 pair of gloves (worn)
   (You found it on level 5 of the Dungeon)
Talismans
 c - a beast talisman
 d - a flux talisman
 t - a serpent talisman
   (You found it on level 4 of the Dungeon)
Wands
 b - a wand of paralysis (13)
   (You took it off a goblin on level 4 of the Dungeon)
 l - a wand of polymorph (2)
   (You took it off Robin on level 2 of the Dungeon)
 r - a wand of light (5)
   (You took it off a gnoll on level 3 of the Dungeon)
Scrolls
 e - 5 scrolls of identify {unknown}
 g - 2 scrolls of teleportation
 h - a scroll of revelation {unknown}
 s - a scroll of noise {unknown}
 u - 2 scrolls of fear {unknown}
 w - a scroll of vulnerability {unknown}
 x - a scroll of amnesia {unknown}
 y - a scroll of enchant weapon {unknown}
Potions
 a - 3 potions of curing {unknown}
 z - a potion of degeneration {unknown}


   Skills:
 - Level 1.0 Fighting
 - Level 1.5 Dodging
 - Level 6.0 Stealth
 + Level 10.3 Unarmed Combat
 + Level 6.2 Shapeshifting


You had 8 spell levels left.
You didn't know any spells.
Your spell library contained the following spells:

 Spells                   Type           Power      Damage    Failure   Level
 Sublimation of Blood     Necr           0%         N/A       56%         2
 Anguish                  Hex/Necr       0%         N/A       99%         4
 Cause Fear               Hex            0%         N/A       99%         4
 Petrify                  Alch/Erth      0%         N/A       99%         4
 Irradiate                Conj/Alch      0%         3d11      100%        5
 Enfeeble                 Hex            0%         N/A       100%        7
 Chain Lightning          Conj/Air       0%         N/A       100%        9
 Fire Storm               Conj/Fire      0%         5d1       100%        9
 Shatter                  Erth           0%         3d5*      100%        9


Dungeon Overview and Level Annotations

Branches:
Dungeon (7/15)             Temple (1/1) D:4         Ossuary (visited)

Altars:
Dithmenos
Elyvilon
Fedhas
Gozag
Hepliaklqana
Kikubaaqudgha
Makhleb
Nemelex Xobeh
Okawaru
Qazlal
Ru
Sif Muna
Trog
Uskayaw
Vehumet
Wu Jian
Xom
Yredelemnul
Zin
The Shining One

Shops:
D:7 [

Annotations:
D:6 exclusion: 2 yaks
Temple 2 transporters


Innate Abilities, Weirdness & Mutations

Your serpentine skin is tough. (AC +3)
You have supernaturally acute eyesight. (SInv)
Armour fits poorly on your strangely shaped body.
Your system is resistant to poisons. (rPois)
You cover ground very slowly.
You can spit poison.
You have a snake-like lower body.


Message History

The kobold brigand is heavily wounded.
You closely miss the kobold brigand.
The kobold brigand is heavily wounded.
The kobold brigand hits you with a +0 whip.
You are too injured to fight recklessly!
You are too injured to fight recklessly!
You are too injured to fight recklessly!
You are too injured to fight recklessly!
You barely miss the kobold brigand.
The kobold brigand is heavily wounded.
The kobold brigand hits you with a +0 whip.
You closely miss the kobold brigand.
The kobold brigand is heavily wounded.
The kobold brigand hits you with a +0 whip.
You punch the kobold brigand!
The kobold brigand is almost dead.
The kobold brigand closely misses you.
You hit the kobold brigand.
You kill the kobold brigand!
j - 6 poisoned darts (gained 2)
You pick up a book of Annihilations and begin reading...
You add the spells Chain Lightning, Fire Storm and Shatter to your library.
Things that are here:
a +0 whip; a kobold corpse A kobold comes into view.
It is wielding a +0 whip.
The quokka attacks as it pursues you! The quokka completely misses you.
You hit the quokka.
The quokka is severely wounded.
The quokka closely misses you.
A kobold comes into view. It is wielding a +0 club.
The kobold throws a stone.
The stone hits you but does no damage. The quokka bites you.
The quokka bites you but does no damage.
You closely miss the kobold.
The quokka bites you but does no damage.
The kobold hits you but does no damage.
You punch the kobold!
You kill the kobold!
The quokka barely misses you.
You hit the quokka.
You kill the quokka!
You closely miss the kobold. The kobold hits you but does no damage.
You hit the kobold but do no damage. The kobold hits you but does no damage.
You closely miss the kobold.
A kobold comes into view. It is wielding a +0 short sword.
The kobold hits you but does no damage.
You punch the kobold!
You kill the kobold!
A phantom comes into view. 3 kobolds come into view.
The kobold throws a stone.
The stone misses you.
A kobold comes into view. It is wielding a +0 club.
The kobold completely misses you.
The sentinel's mark upon you fades away.
The kobold throws a stone.
The stone hits you but does no damage. The kobold attacks as it pursues you!
The kobold hits you with a +0 short sword.
A kobold comes into view. It is wielding a +0 short sword.
The kobold hits you but does no damage. The kobold hits you but does no damage.
The kobold attacks as it pursues you! The kobold barely misses you.
The kobold hits you but does no damage. x3
The kobold throws a stone.
The stone barely misses you. The kobold hits you but does no damage.
A kobold comes into view. It is wielding a +0 short sword.
The kobold attacks as it pursues you! The kobold hits you but does no damage.
The kobold barely misses you.
A kobold comes into view. It is wielding a +0 dagger.
The kobold attacks as it pursues you! The kobold hits you but does no damage.
The kobold attacks as it pursues you!
The kobold hits you with a +0 short sword.
The kobold hits you with a +0 club.
There is a stone staircase leading up, spattered with blood here.
The kobold hits you with a +0 club.
* * * LOW HITPOINT WARNING * * *
You climb upwards.
There is a stone staircase leading down here.
You are too injured to fight recklessly!
You are too injured to fight recklessly!
You are too injured to fight recklessly!
You are too injured to fight recklessly!
You are too injured to fight recklessly!
You are too injured to fight recklessly!
You are too injured to fight recklessly!
You are too injured to fight recklessly!
You are too injured to fight recklessly!
You are too injured to fight recklessly!
You are too injured to fight recklessly!
You are too injured to fight recklessly!
You punch the kobold!
You kill the kobold!
The kobold barely misses you.
You closely miss the kobold. The kobold hits you but does no damage.
You miss the kobold. You hit the kobold.
You kill the kobold!
You start resting.
HP restored.
You climb downwards.
Level annotation: Edmund The kobold barely misses you.
The phantom barely misses you.
There is a stone staircase leading up, spattered with blood here.
The phantom hits you.
The phantom blinks!
You blink.
You stop ascending the stairs. 3 kobolds come into view.
A kobold is wielding a +0 dagger and quivering poisoned darts.
A kobold is wielding a +0 short sword and quivering poisoned darts.
You miss the phantom.
The kobold shouts!
The kobold throws a poisoned dart.
The poisoned dart hits you!
You are poisoned.
The kobold throws a stone.
The stone barely misses you.
A kobold comes into view. It is wielding a +0 dagger.
A kobold comes into view. It is wielding a +0 short sword.
The phantom hits you.
The phantom blinks!
You blink.
The kobold shouts!
You hit the phantom.
The phantom is lightly damaged.
You feel sick.
A kobold comes into view.
It is wielding the +1 whip of Tumult {drain, rElec rN+}.
The phantom hits you.
You barely miss the phantom.
The phantom is lightly damaged.
You feel sick.
The kobold throws a stone.
The stone hits you but does no damage.
The phantom hits you but does no damage.
You punch the phantom!
The phantom is severely damaged.
You closely miss the phantom. Your punch misses the phantom.
The phantom is severely damaged.
You feel sick. The phantom hits you.
You miss the phantom.
The phantom is severely damaged.
You feel sick.
The kobold hits you with a +0 short sword.
The phantom hits you but does no damage.
You are too injured to fight recklessly!
You are too injured to fight recklessly!
You are too injured to fight recklessly!
You are too injured to fight recklessly!
Okay, then.
Okay, then.
Aiming: Bolt of Light
Press: ? - help, Shift-Dir - straight line, f - kobold
Aim: a kobold, wielding the +1 whip of Tumult {drain, rElec rN+} and quivering stones (64% to hit)
The bolt of light hits the phantom!
The phantom is almost destroyed.
The bolt of light hits the kobold!
You kill the kobold!
The bolt of light misses the kobold.
The bolt of light hits the kobold!
You kill the kobold!
You feel sick. The kobold closely misses you. The phantom hits you.
The phantom blinks!
You blink.
You punch the phantom!
You destroy the phantom!
You feel sick.
You are no longer poisoned.
The kobold throws a poisoned dart.
The poisoned dart hits you!
A kobold comes into view. It is wielding a +0 short sword.
You barely miss the kobold. The kobold hits you but does no damage.
A kobold comes into view. It is wielding a +0 dagger.
The kobold shouts!
You hit the kobold but do no damage. The kobold closely misses you.
You hit the kobold.
You kill the kobold!
The kobold throws a stone.
The stone closely misses you.
You barely miss the kobold. The kobold hits you but does no damage.
The kobold throws a stone.
The stone hits you.
You barely miss the kobold.
A kobold comes into view. It is wielding a +0 club.
The kobold hits you but does no damage.
You hit the kobold but do no damage. You closely miss the kobold.
The kobold hits you but does no damage. The kobold barely misses you.
You closely miss the kobold. The kobold barely misses you.
The kobold closely misses you.
You hit the kobold.
The kobold is heavily wounded.
The kobold barely misses you. x2; The kobold throws a stone.
The stone closely misses you.
You closely miss the kobold.
The kobold is heavily wounded.
The kobold hits you but does no damage. x2
You hit the kobold.
You kill the kobold!
The kobold hits you with a +0 dagger. The kobold hits you but does no damage.
You closely miss the kobold. You hit the kobold but do no damage.
Your punch misses the kobold. The kobold hits you but does no damage.
The kobold closely misses you.
You closely miss the kobold.
The kobold hits you but does no damage. x3
You barely miss the kobold.
The kobold hits you but does no damage. x2
The kobold hits you with a +0 short sword.
* * * LOW HITPOINT WARNING * * *
You punch the kobold!
You kill the kobold!
The kobold hits you but does no damage. x2
You hit the kobold.
The kobold is moderately wounded.
The kobold hits you but does no damage. The kobold barely misses you.
You closely miss the kobold.
The kobold is moderately wounded.
You barely miss the kobold.
The kobold is moderately wounded.
The kobold hits you but does no damage. The kobold barely misses you.
You punch the kobold!
You kill the kobold!
The kobold barely misses you.
You punch the kobold!
You kill the kobold!
You punch the kobold!
You kill the kobold!
The kobold throws a stone.
The stone hits you but does no damage.
The kobold throws a stone.
The stone misses you.
You hit the kobold.
You kill the kobold!
The kobold throws a stone.
The stone hits you but does no damage.
You hit the kobold.
You kill the kobold!
You closely miss the kobold. You punch the kobold!
You kill the kobold!
You punch the kobold!
You kill the kobold!
The kobold throws a stone.
The stone hits you but does no damage.
You closely miss the kobold. The kobold hits you with a +0 dagger.
You hit the kobold.
The kobold is heavily wounded.
The kobold closely misses you.
You punch the kobold!
You kill the kobold!
The kobold closely misses you. The kobold hits you but does no damage.
The kobold hits you with a +0 whip.
* * * LOW HITPOINT WARNING * * *
Items here: $ (( ))))))))) ††††.
You hit the kobold.
The kobold is severely wounded.
The kobold hits you with a +0 short sword.
* * * LOW HITPOINT WARNING * * *
The kobold hits you with a +0 whip.
* * * LOW HITPOINT WARNING * * *
You hit the kobold.
You kill the kobold!
You hit the kobold but do no damage. The kobold hits you but does no damage.
You punch the kobold!
You kill the kobold!
Things that are here:
a +0 whip; 4 stones; a kobold corpse A quokka comes into view.
A quokka is nearby!
A quokka is nearby!
A quokka is nearby!
You are too injured to fight recklessly!
You are too injured to fight recklessly!
You are too injured to fight recklessly!
Unknown command.
A quokka is nearby!
A quokka is nearby!
A quokka is nearby!
Aiming: Spit Poison (1% risk of failure)
Press: ? - help, Shift-Dir - straight line, f - quokka
Aim: a quokka (wandering, hasn't noticed you, 51% to hit)
The splash of poison misses the quokka.
You have got your breath back.
Aiming: Spit Poison (1% risk of failure)
Press: ? - help, Shift-Dir - straight line, f/p - quokka
Aim: a quokka (wandering, hasn't noticed you, 51% to hit)
The splash of poison hits the quokka.
The quokka is poisoned.
The quokka is almost dead.
You kill the quokka!
You have got your breath back.
HP restored.
You now have 267 gold pieces (gained 22).
j - 13 poisoned darts (gained 7)
Items here: ( ))))))))) ††††.
j - 17 poisoned darts (gained 4)
Things that are here:
a +0 dagger; a kobold corpse
Things that are here:
5 stones; a +0 club You now have 272 gold pieces (gained 5).
Things that are here:
a +0 whip; a kobold skeleton
Items here: ( ))))))))) ††††.
Things that are here:
a +0 dagger; a stone A kobold comes into view.
It is wielding a +0 whip and quivering poisoned darts.
The kobold moves out of view.
Found a human corpse.
Found a human corpse.
Found a pair of gloves.
Found a human corpse.
A kobold is nearby!
A kobold is nearby!
Found two human corpses.
Found a scroll labelled PEM NITHREL.
Found a scroll labelled WUCETO KURIMMU.
The kobold throws a poisoned dart.
The poisoned dart closely misses you.
The kobold hits you but does no damage. x2
You closely miss the kobold. The kobold hits you with a +0 whip.
You punch the kobold!
You kill the kobold!
No target in view!
No target in view!
No target in view!
No target in view!
No target in view!
No target in view!
No target in view!
No target in view!
No target in view!
Found a dagger.
j - 25 poisoned darts (gained 8)
Things that are here:
a +0 whip; a kobold corpse
u - 2 scrolls labelled PEM NITHREL (gained 1)
You see here a +0 pair of gloves.
You see here a human corpse.
You see here a human corpse.
w - a scroll labelled WUCETO KURIMMU You see here a human corpse.
There is a cache of meat here.
You see here a human corpse.
Found a stone staircase leading down.
There is a stone staircase leading down here.
Found a dagger.
Found 5 stones.
You see here 5 stones.
Found a leather armour.
You now have 286 gold pieces (gained 14).
You see here a +0 leather armour.
You see here a +0 leather armour.
Found a stone staircase leading up.
You now have 299 gold pieces (gained 13).
You now have 310 gold pieces (gained 11).
You see here a +0 dagger.
Partly explored, can't reach some places.
Partly explored, can't reach some places.
Partly explored, can't reach some places.
Partly explored, can't reach some places.
Aiming: Spit Poison (1% risk of failure)
Press: ? - help, Shift-Dir - straight line, f - Edmund
Aim: Edmund, wielding a +1 dire flail of holy wrath and wearing a +0 ring mail (asleep, 100% to hit)
The splash of poison hits Edmund!
Edmund is poisoned.
Edmund is moderately wounded.
Edmund shouts!
You throw a poisoned dart. The poisoned dart hits Edmund.
Edmund looks even sicker.
Edmund is moderately wounded.
You throw a poisoned dart. The poisoned dart hits Edmund.
Edmund looks even sicker.
Edmund is moderately wounded.
You have got your breath back.
You hit Edmund but do no damage.
Edmund is moderately wounded.
Edmund hits you with a +1 dire flail of holy wrath.
You punch Edmund!
Edmund is heavily wounded.
You completely miss Edmund.
Edmund is heavily wounded.
Edmund hits you with a +1 dire flail of holy wrath.
You barely miss Edmund.
Edmund is heavily wounded.
Edmund barely misses you.
You barely miss Edmund.
Edmund is severely wounded.
Edmund hits you with a +1 dire flail of holy wrath!
You hit Edmund.
Edmund is severely wounded.
Edmund hits you with a +1 dire flail of holy wrath.
You barely miss Edmund.
Edmund is almost dead.
Edmund hits you with a +1 dire flail of holy wrath!
You are too injured to fight recklessly!
You are too injured to fight recklessly!
You are too injured to fight recklessly!
You are too injured to fight recklessly!
You punch Edmund!
You kill Edmund!
Your Shapeshifting skill increases to level 5!
Things that are here:
a +1 dire flail of holy wrath; a +0 ring mail; the human corpse of Edmund
j - 24 poisoned darts (gained 1)
j - 25 poisoned darts (gained 1) Partly explored, can't reach some places.
Partly explored, can't reach some places.
Partly explored, can't reach some places.
There is a stone staircase leading down here.
You climb downwards.
There is a stone staircase leading up here.
Found a stone staircase leading down.
e - 4 scrolls labelled FOTERY MINT (gained 1)
e - 5 scrolls labelled FOTERY MINT (gained 1)
You now have 325 gold pieces (gained 15).
A scorpion comes into view.
A scorpion is nearby!
The scorpion stings you but does no damage.
You punch the scorpion!
The scorpion is heavily wounded.
The scorpion stings you but does no damage.
You barely miss the scorpion.
The scorpion is heavily wounded.
The scorpion stings you but does no damage.
You hit the scorpion but do no damage.
The scorpion is heavily wounded.
The scorpion stings you.
You closely miss the scorpion. You punch the scorpion.
The scorpion is heavily wounded.
The scorpion stings you.
You hit the scorpion.
The scorpion is severely wounded.
The scorpion stings you.
You are poisoned.
The scorpion poisons you!
You barely miss the scorpion.
The scorpion is severely wounded.
You feel very sick. The scorpion barely misses you.
You punch the scorpion!
You kill the scorpion!
You feel sick.
You have reached level 9!
Your experience leads to an increase in your attributes!
Increase (S)trength, (I)ntelligence, or (D)exterity?
You feel stronger. x2; Your skin feels tougher.
You start resting.
You feel sick. x8
You are no longer poisoned.
You start resting.
HP restored.
Found a stone staircase leading up.
There is a stone staircase leading up here.
Found a ring mail.
An orc comes into view. It is wielding a +0 dagger.
The orc shouts!
You hear a shout!
An orc comes into view. It is wielding a +0 whip.
The orc hits you but does no damage.
You closely miss the orc. You completely miss the orc.
The orc barely misses you.
You punch the orc!
You kill the orc!
An orc wizard comes into view. It is wielding a +0 dagger.
You hit the orc but do no damage. The orc hits you but does no damage.
You punch the orc!
You kill the orc!
An orc comes into view. It is wielding a +0 whip.
Items here: )) [[.
The orc wizard hits you but does no damage.
The orc shouts!
You punch the orc wizard!
The orc wizard is almost dead.
The orc wizard hits you but does no damage.
You barely miss the orc wizard.
The orc wizard is almost dead.
The orc wizard hits you with a +0 dagger.
You miss the orc wizard.
The orc wizard is almost dead.
The orc wizard hits you but does no damage.
The orc hits you with a +0 whip.
You punch the orc wizard!
You kill the orc wizard!
The orc barely misses you.
You hit the orc.
The orc is severely wounded.
The orc hits you with a +0 whip.
You hit the orc.
You kill the orc!
No target in view!
No target in view!
Things that are here:
a +0 dagger; a +0 robe
Found a stone staircase leading up.
A yak comes into view.
Found a stone staircase leading down.
A yak is nearby!
A yak is nearby!
A bullfrog comes into view.
Found an escape hatch in the floor.
A bullfrog is nearby!
The bullfrog croaks.
The bullfrog barely misses you.
You barely miss the bullfrog. The bullfrog completely misses you.
You completely miss the bullfrog. You punch the bullfrog!
The bullfrog is heavily wounded.
The bullfrog barely misses you.
You barely miss the bullfrog. You punch the bullfrog.
The bullfrog is severely wounded.
The bullfrog barely misses you.
You hit the bullfrog.
The bullfrog is severely wounded.
The bullfrog hits you!
You punch the bullfrog!
You kill the bullfrog!
No target in view!
An adder comes into view.
An adder is nearby!
An adder is nearby!
An adder is nearby!
An adder is nearby!
Found a blossoming altar of Fedhas.
Found an escape hatch in the ceiling.
You pick up a book of Hexes and begin reading...
You add the spells Anguish, Cause Fear and Enfeeble to your library.
An adder is nearby!
Aiming: Spit Poison (1% risk of failure)
Press: ? - help, Shift-Dir - straight line, f - adder
Aim: an adder (wandering, hasn't noticed you, 43% to hit)
The splash of poison hits the adder.
The adder is poisoned.
The adder is lightly wounded.
The adder hisses angrily.
You hit the adder but do no damage.
The adder is lightly wounded.
The adder bites you.
You closely miss the adder.
The adder is lightly wounded.
The adder bites you but does no damage. The adder bites you.
You hit the adder. Your punch misses the adder.
The adder is moderately wounded.
The adder completely misses you.
You barely miss the adder.
The adder is heavily wounded.
You have got your breath back.
The adder closely misses you.
You hit the adder.
You kill the adder!
No target in view!
Found a club.
You now have 339 gold pieces (gained 14).
A howler monkey comes into view.
A howler monkey is nearby!
Aiming: Spit Poison (1% risk of failure)
Press: ? - help, Shift-Dir - straight line, f - howler monkey
Aim: a howler monkey (wandering, hasn't noticed you, 60% to hit)
The splash of poison misses the howler monkey.
You have got your breath back.
Aiming: Spit Poison (1% risk of failure)
Press: ? - help, Shift-Dir - straight line, f/p - howler monkey
Aim: a howler monkey (wandering, hasn't noticed you, 60% to hit)
The splash of poison misses the howler monkey.
You hit the howler monkey.
The howler monkey is moderately wounded.
You closely miss the howler monkey.
The howler monkey is moderately wounded.
The howler monkey misses you.
You punch the howler monkey!
You kill the howler monkey!
No target in view!
No target in view!
You have got your breath back.
Found an escape hatch in the floor.
You now have 346 gold pieces (gained 7).
x - a scroll labelled NIGGEL EW VULECUCW You now have 352 gold pieces (gained 6).
Found an escape hatch in the ceiling.
There is an escape hatch in the ceiling here.
There is an escape hatch in the ceiling here.
There is an escape hatch in the ceiling here.
Found a scale mail.
You see here a +1 war axe of flaming.
Found a stone staircase leading down.
There is an escape hatch in the floor here.
There is an escape hatch in the floor here.
Found 7 stones.
You see here 7 stones.
A yak comes into view.
A yak is nearby!
A yak is nearby! 3 yaks come into view.
The yak bellows!
There are monsters nearby!
There are monsters nearby!
There are monsters nearby!
There are monsters nearby!
There are monsters nearby!
Okay, then.
Okay, then.
You hit the yak.
The yak is lightly wounded.
The yak gores you!
You punch the yak!
The yak is heavily wounded.
You barely miss the yak. Your punch misses the yak.
The yak is heavily wounded.
The yak completely misses you.
You punch the yak!
The yak is severely wounded.
The yak gores you!
You hit the yak.
The yak is severely wounded.
The yak gores you!
You completely miss the yak.
The yak is severely wounded.
The yak barely misses you.
You hit the yak but do no damage.
The yak is severely wounded.
A yak comes into view.
The yak barely misses you.
You barely miss the yak.
The yak is severely wounded.
You closely miss the yak.
The yak is severely wounded.
The yak gores you but does no damage.
You closely miss the yak.
The yak is severely wounded.
The yak gores you.
The yak bellows!
You punch the yak!
You kill the yak!
You hear a bellow!
Your Unarmed Combat skill increases to level 10!
You punch the yak!
The yak is moderately wounded.
The yak gores you but does no damage.
The yak bellows!
You hit the yak but do no damage.
The yak is moderately wounded.
The yak gores you!
* * * LOW HITPOINT WARNING * * *
Okay, then.
It was a potion of invisibility.
You fade into invisibility!
The yak gores you!
* * * LOW HITPOINT WARNING * * *
The yak gores you but does no damage.
The yak bellows!
You see here 7 stones.
You flicker for a moment.
You flicker back into view.
There is a stone staircase leading up here.
There is a stone staircase leading down here.
You start resting.
HP restored.
You climb downwards.
You hear the hiss of flowing sand.
There is an entrance to an ossuary on this level.
Hurry and find it before the portal is buried!
There is a stone staircase leading up here.
You open the door.
There is an open door here.
You open the door.
Found an escape hatch in the floor.
Found a stone staircase leading down.
There is an open door here.
There is an open door here.
You open the door.
Found an amethyst potion.
a - 3 amethyst potions (gained 1)
You hear the slow hiss of a very distant avalanche of sand.
Found Zhao Yu's Dragon-Slaying Spoils.
There is an entrance to Zhao Yu's Dragon-Slaying Spoils here.
You can access your shopping list by pressing '$'.
You hear the slow hiss of a distant avalanche of sand.
You open the door.
There is an open door here.
You open the door.
There is an open door here.
You hear the slow hiss of an avalanche of sand nearby.
You open the door.
There is an open door here.
A centaur comes into view.
The centaur shouts!
The centaur wields a +0 orcbow.
The centaur shoots an arrow.
The arrow barely misses you.
The centaur shoots an arrow.
The arrow closely misses you.
The centaur shoots an arrow.
The arrow closely misses you.
There is an open door here.
The centaur shoots an arrow.
The arrow barely misses you.
You start waiting.
The centaur shoots an arrow.
The arrow hits you.
The centaur unwields a +0 orcbow.
The centaur hits you but does no damage.
The centaur kicks you but does no damage.
The centaur hits you but does no damage.
The centaur kicks you but does no damage.
You punch the centaur!
The centaur is heavily wounded.
The centaur hits you but does no damage.
The centaur closely misses you.
You barely miss the centaur.
The centaur is heavily wounded.
The centaur hits you but does no damage.
The centaur barely misses you.
You punch the centaur!
The centaur is almost dead.
The centaur closely misses you.
The centaur kicks you but does no damage.
You punch the centaur!
You kill the centaur!
No target in view!
No target in view!
There is an open door here.
You see here a +0 orcbow.
Found a chain mail.
You hear the slow hiss of a very distant avalanche of sand.
You open the door.
Found a buckler.
There is an open door here.
You see here a +0 buckler.
f - a +0 buckler You hear the hiss of a very distant avalanche of sand.
You start putting on your armour.
You continue putting on your +0 buckler. x4
You finish putting on your +0 buckler.
You open the door.
There is an open door here.
There is an open door here.
There is an open door here.
You open the door.
You hear the hiss of a distant avalanche of sand.
There is an open door here.
There is an open door here.
You open the door.
There is an open door here.
You hear the brisk hiss of a very distant avalanche of sand.
There is an open door here.
Found a stone staircase leading up.
As you open the door, it creaks loudly!
There is an open door here.
There is a stone staircase leading up here.
There is an open door here.
Found a stone staircase leading up.
You hear the brisk hiss of a very distant avalanche of sand.
There is a stone staircase leading up here.
You open the door.
There is an open door here.
There is an open door here.
There is an open door here.
As you open the door, it creaks loudly!
A hound comes into view.
The hound barks!
There is an open door here.
You hit the hound.
The hound is moderately wounded.
The hound bites you. x2
You punch the hound!
You kill the hound!
Your Shapeshifting skill increases to level 6!
No target in view!
Found a scroll labelled JECO BIWESATOE.
An ice beast comes into view.
HP restored.
You hear the brisk hiss of a very distant avalanche of sand.
An ice beast is nearby!
Okay, then.
You open the door.
A hound comes into view.
Found a whip.
There is an open door here.
There's a creature in the doorway!
You hit the ice beast.
The ice beast is lightly wounded.
The ice beast hits you. The ice beast freezes you.
You punch the ice beast!
The ice beast is heavily wounded.
You punch the ice beast!
The ice beast is almost dead.
The ice beast closely misses you.
You hit the ice beast but do no damage.
The ice beast is almost dead.
The ice beast hits you but does no damage.
You barely miss the ice beast.
The ice beast is almost dead.
The ice beast hits you but does no damage.
You closely miss the ice beast.
The ice beast is almost dead.
The ice beast barely misses you.
You punch the ice beast!
You kill the ice beast!
The hound barks!
You punch the hound!
The hound is severely wounded.
The hound bites you but does no damage.
You punch the hound!
You kill the hound!
You open the door.
Found a stone staircase leading down.
There is an open door here.
You open the door.
Found an ornate altar of the Wu Jian Council.
There is an open door here.
You hear the quick hiss of a very distant avalanche of sand.
There is an open door here.
There is an open door here.
There is an open door here.
y - a scroll labelled JECO BIWESATOE You hear the rapid hiss of a very distant avalanche of sand.
There is an open door, spattered with blood here.
There is an open door here.
There is an open door here.
You hear the rapid hiss of an avalanche of sand nearby.
Found a stone staircase leading down.
There is a stone staircase leading down here.
You open the door.
There is an open door here.
An orc comes into view. It is wielding a +0 hand axe.
Found a sand-covered staircase. 2 rat zombies come into view.
There is a sand-covered staircase here.
The world spins around you as you enter the gateway.
You enter an ossuary!
Found a gate leading back out of this place.
There is an empty arch of ancient stone here.
You open the gate. 2 kobold skeletons and 3 gnoll skeletons come into view.
An orc skeleton and 2 gnoll skeletons come into view.
There is an open gate here.
A mummy comes into view.
You punch the gnoll skeleton!
The gnoll skeleton is severely damaged.
The gnoll skeleton barely misses you.
The gnoll skeleton attacks as it pursues you!
The gnoll skeleton barely misses you.
There is an open gate here.
You hit the gnoll skeleton.
The gnoll skeleton is severely damaged.
The gnoll skeleton closely misses you.
You barely miss the gnoll skeleton.
The gnoll skeleton is severely damaged.
The gnoll skeleton hits you. You block the gnoll skeleton's attack.
You hit the gnoll skeleton.
You destroy the gnoll skeleton!
You punch the gnoll skeleton!
The gnoll skeleton is almost destroyed.
The gnoll skeleton hits you but does no damage.
The gnoll skeleton barely misses you.
You punch the gnoll skeleton!
You destroy the gnoll skeleton!
The gnoll skeleton hits you but does no damage.
You punch the kobold skeleton!
You destroy the kobold skeleton!
You punch the gnoll skeleton!
You destroy the gnoll skeleton!
The kobold skeleton closely misses you.
You hit the gnoll skeleton.
The gnoll skeleton is lightly damaged.
The kobold skeleton closely misses you. The gnoll skeleton closely misses you.
You punch the gnoll skeleton!
You destroy the gnoll skeleton!
You punch the orc skeleton!
You destroy the orc skeleton!
The kobold skeleton hits you.
You punch the kobold skeleton!
You destroy the kobold skeleton!
The gnoll skeleton hits you but does no damage.
You hit the gnoll skeleton but do no damage.
The gnoll skeleton hits you but does no damage.
You barely miss the gnoll skeleton. You punch the gnoll skeleton!
The gnoll skeleton is severely damaged.
The gnoll skeleton hits you but does no damage.
The gnoll skeleton attacks as it pursues you!
The gnoll skeleton closely misses you.
There is an open gate here.
You punch the gnoll skeleton!
You destroy the gnoll skeleton!
No reachable target in view!
You closely miss the mummy. You punch the mummy!
The mummy is heavily damaged.
The mummy hits you but does no damage.
You hit the mummy.
The mummy is heavily damaged.
You hit the mummy.
The mummy is severely damaged.
The mummy closely misses you.
You hit the mummy but do no damage.
The mummy is severely damaged.
You barely miss the mummy.
The mummy is severely damaged.
The mummy closely misses you.
You hit the mummy but do no damage.
The mummy is severely damaged.
You barely miss the mummy.
The mummy is severely damaged.
The mummy closely misses you.
You hit the mummy.
The mummy is severely damaged.
You closely miss the mummy.
The mummy is severely damaged.
You hit the mummy.
The mummy is almost destroyed.
The mummy completely misses you.
You punch the mummy!
You destroy the mummy!
No target in view!
No target in view!
As you open the door, it creaks loudly!
Found 11 gold pieces.
There is an open door here.
You now have 363 gold pieces (gained 11).
z - a puce potion
There is an open door here.
You open the gate.
There is an open gate here.
Found a gate leading back out of this place.
A kobold skeleton and 2 gnoll skeletons come into view.
There are monsters nearby!
The kobold skeleton barely misses you. You block the gnoll skeleton's attack.
The kobold skeleton hits you but does no damage.
You punch the kobold skeleton!
You destroy the kobold skeleton!
The gnoll skeleton closely misses you.
You hit the gnoll skeleton.
The gnoll skeleton is moderately damaged.
You block the gnoll skeleton's attack.
You hit the gnoll skeleton but do no damage.
The gnoll skeleton is moderately damaged.
The gnoll skeleton barely misses you.
You hit the gnoll skeleton.
The gnoll skeleton is almost destroyed.
You punch the gnoll skeleton!
You destroy the gnoll skeleton!
The gnoll skeleton hits you but does no damage.
You hit the gnoll skeleton.
The gnoll skeleton is lightly damaged.
You barely miss the gnoll skeleton.
The gnoll skeleton is lightly damaged.
The gnoll skeleton hits you but does no damage.
You hit the gnoll skeleton.
The gnoll skeleton is heavily damaged.
The gnoll skeleton hits you but does no damage.
You hit the gnoll skeleton.
The gnoll skeleton is almost destroyed.
You punch the gnoll skeleton!
You destroy the gnoll skeleton!
No target in view!
Found a gate leading back out of this place.
An orc skeleton and 2 gnoll skeletons come into view.
There are monsters nearby!
You barely miss the orc skeleton. The gnoll skeleton barely misses you.
The orc skeleton closely misses you.
You punch the orc skeleton!
You destroy the orc skeleton!
The gnoll skeleton hits you.
You punch the gnoll skeleton!
The gnoll skeleton is severely damaged.
You punch the gnoll skeleton!
You destroy the gnoll skeleton!
You block the gnoll skeleton's attack.
You hit the gnoll skeleton.
The gnoll skeleton is moderately damaged.
You punch the gnoll skeleton!
You destroy the gnoll skeleton!
No target in view!
No target in view!
No target in view!
No target in view!
No target in view!
No target in view!
HP restored.
You open the door.
There is an open door here.
The burial acolyte shouts!
You open the door.
There is an open door here.
There are monsters nearby!
Press: ? - help, v - describe, . - travel
Here: a wight, wielding a +0 heavy flail and wearing a +0 robe The floor.
Unknown command.
Press: ? - help, v - describe, . - travel
Here: a burial acolyte, wielding a +0 dagger and wearing a +0 robe The floor.
The wight barely misses you.
The wight hits you with a +0 heavy flail.
The wight hits you but does no damage.
Okay, then.
As you read the scroll labelled ITRUCH RETY, it crumbles to dust.
You feel strangely unstable.
It was a scroll of teleportation.
The wight hits you from afar with a +2 halberd!
You feel drained. The wight hits you but does no damage.
Your surroundings seem slightly different.
A wight is nearby!
There is an open door here.
The burial acolyte drones a funeral chant.
The wight is empowered. x2
The wight no longer looks unusually strong.
The wight is no longer moving quickly.
The wight no longer looks unusually strong.
The wight is no longer moving quickly.
The wight attacks as it pursues you! The wight completely misses you.
The wight attacks as it pursues you!
The wight hits you with a +0 heavy flail.
You feel drained. The wight attacks as it pursues you!
The wight barely misses you. The wight barely misses you.
The burial acolyte recites a funeral chant.
The wight is empowered. x2; The wight attacks as it pursues you!
The wight hits you from afar with a +2 halberd!
The wight attacks as it pursues you!
The wight hits you from afar with a +2 halberd! x2
* * * LOW HITPOINT WARNING * * *
There is a gate leading back out of this place, spattered with blood here.
The wight hits you with a +0 heavy flail!
* * * LOW HITPOINT WARNING * * *
You feel drained.
* * * LOW HITPOINT WARNING * * *
The wight hits you from afar with a +2 halberd.
* * * LOW HITPOINT WARNING * * *
Welcome back to the Dungeon!
There is a collapsed entrance here.
As you read the scroll of teleportation, it crumbles to dust.
You feel strangely unstable.
The wight hits you with a +0 heavy flail!
You die...

........#.....##♣
###.....#........
#.....#.......
#.....#.....#
#.....#.....# #
#.....#.....##..#.
#.....#...........
#....>'....#######
#.....####.#..@..#
#####......#.z...#
#......#.#.#.#
#......#Z#.#Z#
#......###.###.#
#..............#
#.......#.###.+#
#.......#... .#
#.......#..... ..


You could see a wight (strong, swift) and 2 rat zombies.

Vanquished Creatures
  A yak (D:6)
  Menkaure (D:5)
  Edmund (D:5)
  A water moccasin (D:5)
  An ice beast (D:7)
  A centaur (D:7)
  2 ogres (D:4)
  2 phantoms
  A kobold brigand (D:5)
  3 bullfrogs
  4 scorpions
  2 howler monkeys
  A bombardier beetle (D:3)
  2 hounds (D:7)
  A jelly (D:4)
  3 iguanas
  4 orc wizards
  A mummy (Ossuary)
  Robin (D:2)
  8 gnolls
  9 adders
  3 dart slugs
  A ribbon worm (D:2)
  8 orcs
  7 ball pythons
  4 bats
  5 endoplasms
  A giant cockroach (D:2)
  21 goblins
  14 hobgoblins
  7 jackals
  6 quokkas
  6 frilled lizards
  9 gnoll skeletons (Ossuary)
  26 kobolds
  3 kobold skeletons (Ossuary)
  2 orc skeletons (Ossuary)
  5 rats
178 creatures vanquished.

Notes
Turn   | Place    | Note
-------+----------+-------------------------------------------
     0 | D:1      | sleeves the Naga Shapeshifter began the quest for the Orb.
     0 | D:1      | Reached XP level 1. HP: 18/18 MP: 1/1
   142 | D:1      | Reached XP level 2. HP: 25/25 MP: 2/2
   149 | D:1      | HP: 10/25 [kobold/+0 club (5)]
   448 | D:1      | Found a faded altar of an unknown god.
   606 | D:1      | Reached skill level 4 in Unarmed Combat
   610 | D:1      | HP: 12/25 [jackal (2)]
   618 | D:1      | Reached XP level 3. HP: 13/31 MP: 3/3
  1453 | D:2      | Noticed Robin
  1456 | D:2      | HP: 15/31 [goblin/sling bullet[Robin] (1)]
  1462 | D:2      | HP: 7/31 [goblin/sling bullet[Robin] (5)]
  1575 | D:2      | Reached XP level 4. HP: 30/38 MP: 4/4
  1833 | D:2      | Reached skill level 5 in Unarmed Combat
  2028 | D:2      | Killed Robin
  2489 | D:3      | Reached XP level 5. HP: 44/44 MP: 5/5
  2591 | D:3      | Reached skill level 6 in Unarmed Combat
  2651 | D:3      | Reached XP level 6. HP: 39/51 MP: 6/6
  2760 | D:3      | Noticed Ijyb
  2763 | D:3      | Ijyb changed into Ijyb the gnoll
  2763 | D:3      | Noticed Ijyb
  2775 | D:3      | Killed Ijyb the gnoll
  3143 | D:3      | Found a stormy altar of Qazlal.
  3221 | D:4      | Reached skill level 7 in Unarmed Combat
  3425 | D:4      | Found a staircase to the Ecumenical Temple.
  3533 | Temple   | Found a transporter.
  3533 | Temple   | Found a transporter.
  3533 | Temple   | Found a transporter.
  3533 | Temple   | Found a transporter.
  3533 | Temple   | Entered the Ecumenical Temple
  3594 | D:4      | Reached skill level 1 in Stealth
  3598 | D:4      | Reached skill level 2 in Stealth
  3605 | D:4      | Reached XP level 7. HP: 35/57 MP: 7/7
  3737 | D:4      | HP: 13/57 [ogre/+0 giant spiked club (16)]
  3742 | D:4      | Reached skill level 3 in Stealth
  3742 | D:4      | HP: 4/85 [phantom (6)]
  3745 | D:4      | Reached skill level 4 in Stealth
  3991 | D:4      | Reached skill level 8 in Unarmed Combat
  4072 | D:4      | Reached skill level 5 in Stealth
  4199 | D:4      | HP: 28/57 [gnoll/+0 spear (2)]
  4204 | D:4      | HP: 18/57 [gnoll/+0 spear (2)]
  4216 | D:4      | Paralysed by a goblin for 4 turns
  4559 | D:4      | HP: 21/57 [gnoll/+0 spear (8)]
  4562 | D:4      | Reached skill level 6 in Stealth
  4562 | D:4      | Reached XP level 8. HP: 19/64 MP: 8/8
  4890 | D:5      | Entered Level 5 of the Dungeon
  5025 | D:5      | Noticed Edmund
  5150 | D:5      | Identified the +1 robe of Baldness {rC+ Str+4 Dex-3}
  5213 | D:5      | Noticed Menkaure
  5239 | D:5      | Killed Menkaure
  5240 | D:5      | Reached skill level 9 in Unarmed Combat
  5240 | D:5      | Reached skill level 4 in Shapeshifting
  5374 | D:5      | HP: 31/64 [kobold/+0 club (4)]
  5488 | D:5      | Identified the +1 whip of Tumult {drain, rElec rN+}
  5510 | D:5      | HP: 32/64 [kobold/+0 short sword (4)]
  5526 | D:5      | HP: 32/64 [kobold/+0 whip (2)]
  6109 | D:5      | Killed Edmund
  6110 | D:5      | Reached skill level 5 in Shapeshifting
  6318 | D:6      | Reached XP level 9. HP: 56/70 MP: 9/9
  6570 | D:6      | Found a blossoming altar of Fedhas.
  6918 | D:6      | Reached skill level 10 in Unarmed Combat
  6919 | D:6      | HP: 32/70 [yak (12)]
  7093 | D:7      | Found Zhao Yu's Dragon-Slaying Spoils.
  7376 | D:7      | Reached skill level 6 in Shapeshifting
  7424 | D:7      | Found an ornate altar of the Wu Jian Council.
  7528 | D:7      | Found a sand-covered staircase.
  7536 | Ossuary  | Entered an ossuary
  7691 | Ossuary  | HP: 30/66 [wight/+2 halberd (13)]
  7692 | Ossuary  | HP: 13/66 [wight/+0 heavy flail (17)]
  7692 | Ossuary  | HP: 6/64 [wight/+2 halberd (6)]
  7694 | D:7      | Slain by a wight

Illustrated notes

Levels and vault maps discovered:
D:1:      dpeg_arrival_morbid_curiosity, layout_basic,
          dreamdust_ecumenical_altar_sealed_demon,
          nicolae_concentric_dashed_squares_mild
D:2:      layout_rooms, minmay_surrounded, uniq_robin
D:3:      layout_basic, nicolae_qazlal_eye_of_the_storm,
          dreamdust_princess_bridge, uniq_ijyb
D:4:      layout_cave_pods, minmay_temple_entry_statues
D:5:      kennysheep_kobold_camp, layout_loops_ring, uniq_edmund, uniq_menkaure
D:6:      layout_loops_cross, fedhas_ov_isle_minmay
D:7:      layout_gridville, pdpol_wu_jian_five_deadly_venoms, enter_ossuary_4,
          nicolae_shop_dragon_depot, minmay_misc_feat_square,
          serial_bayou_ford_a
Temple:   hellmonk_temple_divided_pantheon

Skill      XL: |  1  2  3  4  5  6  7  8  9 |
---------------+----------------------------+-----
Unarmed Combat | 4 5 6 7 8 9 10 | 10.3
Stealth        | 2 6 |  6.0
Shapeshifting  | 5 6 |  6.2
Fighting       | |  1.0
Dodging        | |  1.5

Action                     |  1- 3 |  4- 6 |  7- 9 || total
---------------------------+-------+-------+-------++-------
  Melee: Unarmed           |   103 |   134 |   270 ||   507
         Punch             |     1 |     4 |     5 ||    10
  Throw: Dart              |       |       |    16 ||    16
Ability: Spit Poison       |    10 |    19 |    14 ||    43
         Begin Untransform |       |     1 |       ||     1
  Evoke: Wand              |       |     1 |     2 ||     3
    Use: Potion            |       |       |     2 ||     2
         Scroll            |       |       |     2 ||     2
   Stab: Sleeping          |     1 |     1 |     5 ||     7
 Armour: Animal skin       |    82 |    94 |   202 ||   378
         Skin              |       |       |     4 ||     4
  Dodge: Dodged            |    51 |    53 |    99 ||   203
         Repelled          |       |     1 |       ||     1
  Block: Buckler           |       |       |     4 ||     4

Table legend: (Time is in decaauts)
 A = Elapsed time spent in this place.
 B = Non-inter-level travel time spent in this place.
 C = Inter-level travel time spent in this place.
 D = Time resting spent in this place.
 E = Time spent auto-exploring this place.
 F = Levels seen in this place.
 G = Mean time per level.
                   A        B        C        D        E       F      G
               +--------+--------+--------+--------+--------+-----+--------+
         Total |   9482 |   8137 |   1345 |    804 |   5792 |   9 | 1053.6 |
       Dungeon |   9294 |   7950 |   1344 |    804 |   5716 |   7 | 1327.7 |
        Temple |      1 |      0 |      1 |      0 |      0 |   1 |    1.0 |
       Ossuary |    186 |    186 |      0 |      0 |     76 |   1 |  186.0 |
               +--------+--------+--------+--------+--------+-----+--------+

Top non-repeatable levels by time:
     D:1: 2126 daAuts
     D:4: 2014 daAuts
     D:5: 1508 daAuts
     D:3: 1164 daAuts
     D:6: 1029 daAuts
     D:2: 790 daAuts
     D:7: 660 daAuts
 Ossuary: 186 daAuts
  Temple: 1 daAuts
